 Dungeon Crawl Stone Soup version 0.21-a0-196-g6a663c0 (webtiles) character file.

84234 Ijustatesigmund the Cruncher (level 16, -24/139 HPs)
             Began as a Formicid Fighter on Aug 14, 2017.
             Was the Champion of Okawaru.
             Annihilated by a wolf spider (30 damage)
             ... on level 1 of the Spider Nest on Aug 15, 2017.
             The game lasted 01:25:34 (22549 turns).

Ijustatesigmund the Cruncher (Formicid Fighter)    Turns: 22549, Time: 01:25:35

Health: -24/139    AC: 27    Str: 22      XL:     16   Next: 27%
Magic:  0/25       EV: 25    Int:  9      God:    Okawaru [******]
Gold:   766        SH:  0    Dex: 18 (19) Spells: 10/15 levels left

rFire    . . .     SeeInvis +   k - +1 lajatang (vamp)
rCold    . . .     Gourm    .   u - +4 shield {reflect}
rNeg     . . .     Faith    .   d - +4 ring mail of Ufoovue {rPois}
rPois    +         Spirit   +   (helmet unavailable)
rElec    .         Reflect  +   F - +2 cloak {rPois}
rCorr    .         Harm     .   j - +1 pair of gloves
MR       +....                  t - +2 pair of boots of Bapyshra {Regen+ Dex+4 Stlth-}
Stlth    ..........             r - amulet of guardian spirit
HPRegen  0.73/turn              w - +5 ring of protection
MPRegen  0.19/turn              a - +4 ring of evasion

@: confused, lethally poisoned (-24 -> -39), heroism
A: permanent stasis, dig shafts and tunnels, four strong arms, antennae 3,
talons 1, robust 1, sturdy frame 1
a: Dig, Shaft Self, Heroism, Finesse, Renounce Religion


You were on level 1 of the Spider Nest.
You worshipped Okawaru.
Okawaru was exalted by your worship.
You were not hungry.

You visited 5 branches of the dungeon, and saw 24 of its levels.
You also visited: Labyrinth.

You collected 2582 gold pieces.
You spent 1816 gold pieces at shops.

Inventory:

Hand Weapons
 k - a +1 vampiric lajatang (weapon)
 v - the +9 hand crossbow of Doom {penet, rC+ Str-2 Int+2 Dex+3}
   (You found it in a labyrinth)

   Ammo fired by it will pass through the targets it hits, potentially hitting
   all targets in its path until it reaches maximum range.
   It affects your strength (-2).
   It affects your intelligence (+2).
   It affects your dexterity (+3).
   It protects you from cold.
 C - the +7 quarterstaff "Fojonk" {vamp, *Slow Int+5}
   (Okawaru gifted it to you on level 13 of the Dungeon)

   It inflicts no extra harm, but heals its wielder when it wounds a living foe.
   It affects your intelligence (+5).
   It may slow you when you take damage.
 T - the +4 demon whip of the Valley {freeze, rC+ Int+4}
   (You found it on level 2 of the Lair of Beasts)

   It has been specially enchanted to freeze those struck by it, causing extra
   injury to most foes and up to half again as much damage against particularly
   susceptible opponents.
   It can also slow down cold-blooded creatures.
   It affects your intelligence (+4).
   It protects you from cold.
Missiles
 O - 12 javelins of penetration (quivered)
Armour
 c - the +1 leather armour of Vlad {*Contam rPois rCorr Slay+5}
   (You found it in a labyrinth)

   It affects your accuracy and damage with ranged weapons and melee attacks
   (+5).
   It protects you from poison.
   It causes magical contamination when unequipped.
   It protects you from acid and corrosion.
 d - the +4 ring mail of Ufoovue (worn) {rPois}
   (You found it in a labyrinth)

   It protects you from poison.
 j - a +1 pair of gloves (worn)
 t - the +2 pair of boots of Bapyshra (worn) {Regen+ Dex+4 Stlth-}
   (You found it on level 4 of the Dungeon)

   It affects your dexterity (+4).
   It increases your rate of regeneration.
   It makes you less stealthy.
 u - a +4 shield of reflection (worn)
 F - a +2 cloak of poison resistance (worn)
Jewellery
 a - a +4 ring of evasion (right hand)
 h - an uncursed ring of resist corrosion
 r - an amulet of guardian spirit (around neck)
 w - a +5 ring of protection (left hand)
 G - an uncursed ring of ice
 L - a cursed -2 ring of strength
 U - the ring "Bexeid" {rC+ rN+ Str+4}
   (You found it in a labyrinth)

   [ring of protection from cold]

   It affects your strength (+4).
   It protects you from cold.
   It protects you from negative energy.
 W - an uncursed amulet of faith
Wands
 y - a wand of acid (7/15)
 E - a wand of disintegration (9/24)
 H - a wand of iceblast (9/15)
 M - a wand of paralysis (13/24)
 P - a wand of flame (36/48)
 R - a wand of confusion (32/48)
 S - a wand of acid (13/15)
 X - a wand of lightning (8/15)
Scrolls
 i - 7 scrolls of recharging
 n - 4 scrolls of remove curse
 o - 3 scrolls of magic mapping
 K - 7 scrolls of fear
 N - 5 scrolls of immolation
 Q - a scroll of fog
 Y - 9 scrolls of identify
 Z - 2 scrolls of amnesia
Potions
 b - 4 potions of magic
 e - 2 potions of heal wounds
 g - 11 potions of curing
 l - 5 potions of flight
 m - 14 potions of lignification
 q - 4 potions of agility
 s - 3 potions of ambrosia
 x - 2 potions of brilliance
 z - 2 potions of might
 A - 3 potions of invisibility
 D - a potion of resistance
 V - 2 potions of cancellation
Miscellaneous
 B - a phantom mirror
Comestibles
 f - 10 bread rations
 p - 11 meat rations
 I - 26 fruits


   Skills:
 - Level 11.9(16.9) Fighting
 + Level 14.3(19.3) Staves
 - Level 7.4(12.4) Throwing
 - Level 9.1(14.1) Armour
 - Level 8.3(13.3) Dodging
 - Level 9.6(14.6) Shields
 - Level 5.4 Summonings
 - Level 8.3 Translocations
 + Level 12.0 Invocations


You had 10 spell levels left.
You knew the following spells:

 Your Spells              Type           Power        Failure   Level  Hunger
a - Apportation           Tloc           ###...       1%          1    ##.....
b - Lesser Beckoning      Tloc           ###.......   4%          3    ####...
c - Summon Butterflies    Summ           #.......     5%          1    ##.....


Dungeon Overview and Level Annotations

Branches:
Dungeon (15/15)            Temple (1/1) D:4            Lair (4/6) D:9
  Swamp (0/4) Lair:2       Spider (2/4) Lair:2          Orc (2/2) D:12
    Elf (0/3) Orc:2        Vaults (0/5) D:13         Depths (0/5) D:15

Altars:
Ashenzari
Cheibriados
Dithmenos
Elyvilon
Fedhas
Gozag
Hepliaklqana
Kikubaaqudgha
Makhleb
Nemelex Xobeh
Okawaru
Qazlal
Ru
Sif Muna
Trog
Uskayaw
Vehumet
Wu Jian
Xom
Yredelemnul
Zin
The Shining One
Beogh

Shops:
D:5 *   D:8 %   D:11 *   D:12 %   Orc:1 ?   Orc:2 =([*

Annotations:
Lair:2 exclusion: ice statue


Innate Abilities, Weirdness & Mutations

You cannot be hasted, slowed, berserked, paralysed or teleported.
You can dig through walls and to a lower floor.
Your four strong arms can wield two-handed weapons with a shield.
You have a pair of large antennae on your head. (SInv)
You have sharp toenails.
You are robust. (+10% HP)
Your movements are slightly less encumbered by armour. (ER -2)


Message History

You are poisoned.
The redback poisons you! The tarantella bites you!
* * * LOW HITPOINT WARNING * * *
The tarantella barely misses you.
The wolf spider completely misses you. x2
You feel much better.
You feel very sick. You block the redback's attack. The wolf spider hits you!!
* * * LOW HITPOINT WARNING * * *
The wolf spider closely misses you. The tarantella bites you.
* * * LOW HITPOINT WARNING * * *
You are confused.
The tarantella misses you. The wolf spider barely misses you.
The wolf spider completely misses you. The ghost moth stares at you.
The ghost moth hits you!
* * * LOW HITPOINT WARNING * * *
The ghost moth closely misses you. x2; The redback bites you.
* * * LOW HITPOINT WARNING * * *
The wolf spider hits you!!
You die...

#..#.(...# ##..
#......<.# #.(.
#.......## #...
##.....## #...#
######^.....#
###....
.#..##.....##
.......y....#.......
......y#s...........
.....ss@......(.##.
......sss#....#
.[#..#..... ... ##
#....... #
.......#..
#..........
###.....#..
....####.


You could see a ghost moth (invisible), 2 wolf spiders, 2 tarantellas and 2
redbacks.

Vanquished Creatures
  Saint Roka (Orc:2)
  Rupert (D:15)
  Kirke (D:14)
  Donald (Orc:1)
  An emperor scorpion (Spider:1)
  Azrael (D:12)
  Nessos (D:14)
  A minotaur (Lab)
  Erolcha (D:12)
  Fannar (D:11)
  2 vault guards (D:13)
  3 hydras
  2 rakshasas (D:15)
  2 catoblepae (Lair:3)
  A centaur warrior (D:13)
  Erica (D:9)
  7 two-headed ogres
  An orc high priest (Orc:2)
  Urug (D:15)
  A wizard (D:13)
  A glowing orange brain (D:15)
  An unseen horror (D:14)
  3 orc knights (Orc:2)
  Pikel (D:7)
  A wolf spider zombie (D:15)
  The ghost of Ijustatesigmund the Twirler, a novice FoFi (D:5)
  An orb spider (shapeshifter) (D:15)
  A necromancer (D:13)
  2 oklob plants (D:14)
  5 orc sorcerers
  4 ugly things (D:15)
  A deep elf mage (D:14)
  4 cyclopes
  2 wolf spiders (Spider:2)
  Joseph (D:8)
  A moth of wrath (shapeshifter) (D:15)
  3 manticores
  3 centaur zombies
  A moth of wrath (Spider:1)
  2 black mambas
  2 centaur skeletons
  3 spiny frogs
  The ghost of Duffy the Conjurer, a novice VSFE (D:6)
  A gargoyle (D:10)
  5 yaktaurs
  A rime drake (shapeshifter) (D:15)
  A freezing wraith (D:14)
  A rime drake (Lair:2)
  6 komodo dragons
  A harpy zombie (D:14)
  4 trolls
  3 polar bears (Lair:2)
  The ghost of Ijustatesigmund the Shield-Bearer, an amateur FoFi (D:7)
  A hornet (D:13)
  2 minotaur zombies (Lab)
  8 blink frogs (Lair:3)
  Prince Ribbit (D:8)
  8 slime creatures
  A blink frog (shapeshifter) (D:11)
  2 hippogriffs
  8 redbacks
  A shadow (D:13)
  A tarantella (Spider:1)
  A wyvern (D:10)
  Sigmund (D:5)
  A vampire (D:10)
  3 hogs (D:14)
  A yak (shapeshifter) (D:15)
  A hungry ghost (D:14)
  2 basilisks
  34 yaks
  20 humans (D:13)
  A steam dragon (D:13)
  5 fire elementals
  Grum (D:10)
  6 wargs
  A swamp worm (shapeshifter) (D:15)
  5 water moccasins
  2 soldier ants
  4 swamp worms (Lair:2)
  7 porcupines
  A hell hound (D:12)
  2 phantoms
  8 ice beasts
  2 eyes of draining
  39 orc warriors
  4 slaves
  4 black bears
  A hornet zombie (D:14)
  3 necrophages
  7 ogres
  11 wolves
  9 centaurs
  11 crocodiles
  3 big kobolds
  A wyvern zombie (D:13)
  13 bullfrogs
  A gnoll sergeant (D:8)
  Blork the orc (D:6)
  A scorpion (D:10)
  20 killer bees
  A water moccasin skeleton (D:5)
  8 wights (D:12)
  A howler monkey (D:10)
  2 electric eels
  5 bullfrog zombies
  6 crimson imps
  6 bullfrog skeletons
  4 lava snakes (Lab)
  7 hounds
  8 jellies
  24 orc priests
  38 orc wizards
  2 quasits
  2 iguanas (Orc:1)
  Natasha (thrice) (D:3 D:5)
  12 worker ants
  A hound zombie (D:5)
  A howler monkey skeleton (D:4)
  19 gnolls
  9 adders
  4 shadow imps
  3 white imps (Lair:2)
  3 oozes
  An adder zombie (D:9)
  An adder skeleton (D:9)
  3 worms
  2 dart slugs (D:4)
  8 leopard geckos
  107 orcs
  17 giant cockroaches
  9 goblins
  7 hobgoblins
  14 jackals
  6 quokkas
  2 bats
  7 frilled lizards
  A jackal zombie (D:6)
  22 kobolds
  A quokka skeleton (D:4)
  8 rats
  A butterfly (Lair:1)
757 creatures vanquished.

Vanquished Creatures (others)
  Sonja (D:15)
  2 cyclopes
  A yak (D:12)
  A human (D:14)
  2 centaurs
  An orc wizard (D:11)
  A kobold (D:11)
  4 fungi (Lair:2)
  2 plants (Lair:2)
15 creatures vanquished.

Grand Total: 772 creatures vanquished

Notes
Turn   | Place    | Note
-------+----------+-------------------------------------------
     0 | D:1      | Ijustatesigmund the Formicid Fighter began the quest for the Orb.
     0 | D:1      | Reached XP level 1. HP: 18/18 MP: 1/1
    69 | D:1      | Reached XP level 2. HP: 21/24 MP: 2/2
   505 | D:1      | Reached XP level 3. HP: 21/29 MP: 3/3
   796 | D:2      | Found an ornate altar of the Wu Jian Council.
   996 | D:2      | Reached skill level 3 in Staves
  1311 | D:2      | Reached XP level 4. HP: 37/37 MP: 4/4
  1467 | D:3      | Noticed Natasha
  1474 | D:3      | Killed Natasha
  1486 | D:3      | Noticed Natasha
  1506 | D:3      | Killed Natasha
  1506 | D:3      | Reached XP level 5. HP: 6/42 MP: 5/5
  2663 | D:4      | Noticed an ogre
  2667 | D:4      | Killed an ogre
  2667 | D:4      | Reached skill level 4 in Staves
  2667 | D:4      | Reached skill level 5 in Shields
  2667 | D:4      | Reached XP level 6. HP: 49/49 MP: 6/6
  2734 | D:4      | Got a pair of brightly glowing boots
  2740 | D:4      | Identified the +2 pair of boots of Bapyshra {Regen+ Dex+4 Stlth-} (You found it on level 4 of the Dungeon)
  2911 | D:4      | Reached skill level 5 in Staves
  2911 | D:4      | Reached XP level 7. HP: 50/55 MP: 7/7
  2973 | D:4      | Found a staircase to the Ecumenical Temple.
  2979 | Temple   | Entered the Ecumenical Temple
  3039 | Temple   | Became a worshipper of Warmaster Okawaru
  3161 | D:4      | Reached skill level 5 in Fighting
  3195 | D:4      | Found a snail-covered altar of Cheibriados.
  3229 | D:4      | Reached skill level 1 in Invocations
  3390 | D:4      | Found a sacrificial altar of Ru.
  3512 | D:5      | Entered Level 5 of the Dungeon
  3583 | D:5      | Noticed Ijustatesigmund's ghost (novice FoFi)
  3618 | D:5      | Killed Ijustatesigmund's ghost
  3618 | D:5      | Reached * piety under Okawaru
  3618 | D:5      | Reached skill level 6 in Staves
  3618 | D:5      | Reached XP level 8. HP: 53/64 MP: 7/10
  3701 | D:5      | Reached skill level 7 in Staves
  3704 | D:5      | Found a deep blue altar of Sif Muna.
  3737 | D:5      | Noticed Natasha
  3742 | D:5      | Noticed Sigmund
  3767 | D:5      | Killed Natasha
  3776 | D:5      | Killed Sigmund
  3776 | D:5      | Reached ** piety under Okawaru
  3827 | D:5      | Reached XP level 9. HP: 54/71 MP: 9/12
  3896 | D:5      | Found a glowing golden altar of the Shining One.
  4012 | D:5      | Reached skill level 8 in Staves
  4085 | D:5      | Reached skill level 5 in Invocations
  4409 | D:5      | Found Xuphi's General Store.
  4413 | D:5      | Bought a +1 shield of reflection for 175 gold pieces
  4413 | D:5      | Bought a potion of heal wounds for 65 gold pieces
  4616 | D:6      | Noticed Blork the orc
  4629 | D:6      | Killed Blork the orc
  4844 | D:6      | Noticed Duffy's ghost (novice VSFE)
  4857 | D:6      | Killed Duffy's ghost
  4857 | D:6      | Reached *** piety under Okawaru
  5140 | D:6      | You fall through a shaft!
  5201 | D:7      | Reached skill level 9 in Staves
  5605 | D:7      | Reached XP level 10. HP: 75/80 MP: 12/14
  5724 | D:7      | Reached **** piety under Okawaru
  5806 | D:7      | Found a stormy altar of Qazlal.
  5893 | D:7      | Gained mutation: Your movements are slightly less encumbered by armour. (ER -2) [potion of mutation]
  5893 | D:7      | Gained mutation: You have sharp toenails. [potion of mutation]
  6030 | D:7      | Noticed Pikel
  6062 | D:7      | Killed Pikel
  6062 | D:7      | Reached skill level 5 in Armour
  6417 | D:7      | Noticed Ijustatesigmund's ghost (amateur FoFi)
  6433 | D:7      | Killed Ijustatesigmund's ghost
  6433 | D:7      | Reached skill level 10 in Staves
  6763 | D:8      | Noticed a two-headed ogre
  6770 | D:8      | Killed a two-headed ogre
  7190 | D:8      | Noticed Prince Ribbit
  7202 | D:8      | Killed Prince Ribbit
  7202 | D:8      | Reached ***** piety under Okawaru
  7212 | D:8      | Found an iron altar of Okawaru.
  7222 | D:8      | Noticed Joseph
  7232 | D:8      | Killed Joseph
  7460 | D:8      | Reached XP level 11. HP: 87/87 MP: 16/16
  7556 | D:8      | Found Ukla's Food Emporium.
  7627 | D:8      | Noticed a two-headed ogre
  7630 | D:8      | Noticed a two-headed ogre
  7634 | D:8      | You fall through a shaft for 2 floors!
  7634 | D:10     | Entered Level 10 of the Dungeon
  7947 | D:9      | You fall through a shaft for 2 floors!
  7947 | D:11     | Found Ibloal's Elemental Accessories.
  7986 | D:11     | Noticed a cyclops
  7990 | D:11     | Killed a cyclops
  7990 | D:11     | Reached skill level 11 in Staves
  7993 | D:11     | Noticed Fannar
  8031 | D:11     | Killed Fannar
  8240 | D:10     | Noticed a two-headed ogre
  8245 | D:10     | Killed a two-headed ogre
  8245 | D:10     | Received a gift from Okawaru
  8617 | D:10     | Noticed Grum
  8631 | D:10     | Killed Grum
  9757 | D:8      | You fall through a shaft!
  9757 | D:9      | Found a staircase to the Lair.
  9757 | D:9      | Noticed Erica
  9769 | D:9      | Reached skill level 12 in Staves
  9780 | D:9      | Killed Erica
  9780 | D:9      | Reached skill level 10 in Fighting
  9780 | D:9      | Reached XP level 12. HP: 57/97 MP: 5/19
 10475 | D:8      | Killed a two-headed ogre
 10475 | D:8      | Reached skill level 10 in Invocations
 10816 | D:8      | Killed a two-headed ogre
 10816 | D:8      | Received a gift from Okawaru
 10816 | D:8      | Reached skill level 1 in Dodging
 11733 | D:11     | Reached ****** piety under Okawaru
 11733 | D:11     | Reached skill level 13 in Staves
 12107 | D:12     | Found a labyrinth entrance.
 12143 | Lab      | Entered a labyrinth
 12174 | Lab      | Reached skill level 1 in Throwing
 12347 | Lab      | Noticed a minotaur
 12354 | Lab      | Killed a minotaur
 12356 | Lab      | Identified the Collected Works on Arcane Weapons
 12357 | Lab      | Got a coiled tin ring
 12359 | Lab      | Identified the ring "Bexeid" {rC+ rN+ Str+4} (You found it in a labyrinth)
 12385 | Lab      | Reached XP level 13. HP: 98/104 MP: 14/20
 12402 | Lab      | Got a faintly glowing quarterstaff
 12402 | Lab      | Got a crude leather armour
 12402 | Lab      | Got a translucent ring mail
 12414 | Lab      | Identified the +1 leather armour of Vlad {*Contam rPois rCorr Slay+5} (You found it in a labyrinth)
 12424 | Lab      | Identified the +4 ring mail of Ufoovue {rPois} (You found it in a labyrinth)
 12426 | Lab      | Got a pitted arbalest
 12426 | Lab      | Got a warped hand crossbow
 12427 | Lab      | Identified the +2 arbalest of Trial by Ordeal {flame, Str+5} (You found it in a labyrinth)
 12429 | Lab      | Identified the +3 quarterstaff of Osuops {crush, rC+ rN+} (You found it in a labyrinth)
 12430 | Lab      | Identified the +9 hand crossbow of Doom {penet, rC+ Str-2 Int+2 Dex+3} (You found it in a labyrinth)
 12438 | Lab      | Got a steaming robe
 12449 | Lab      | Identified the +2 robe "Wuatuaqa" {MR++ Stlth-} (You found it in a labyrinth)
 12720 | D:12     | Noticed Azrael
 12731 | D:12     | You fall through a shaft!
 12887 | D:13     | Reached skill level 5 in Dodging
 12897 | D:13     | Received a gift from Okawaru
 12900 | D:13     | Reached skill level 5 in Throwing
 12908 | D:13     | Got a crude quarterstaff {god gift}
 12910 | D:13     | Identified the +7 quarterstaff "Fojonk" {vamp, *Slow Int+5} (Okawaru gifted it to you on level 13 of the Dungeon)
 12921 | D:13     | Found a gate to the Vaults.
 12921 | D:13     | Noticed a vault guard
 12921 | D:13     | Noticed a vault guard
 12940 | D:13     | Killed a vault guard
 12947 | D:13     | Killed a vault guard
 13197 | D:12     | Killed Azrael
 13311 | D:13     | Received a gift from Okawaru
 13317 | D:13     | Identified a scroll of acquirement
 13450 | D:13     | Noticed a centaur warrior
 13460 | D:13     | Killed a centaur warrior
 14257 | D:12     | Found a staircase to the Orcish Mines.
 14265 | Orc:1    | Entered Level 1 of the Orcish Mines
 14475 | Orc:1    | Gained mutation: You are robust. (+10% HP) [a neqoxec]
 14496 | Orc:1    | Reached XP level 14. HP: 94/121 MP: 11/21
 14687 | Orc:2    | Entered Level 2 of the Orcish Mines
 14857 | Orc:2    | Noticed Saint Roka
 14887 | Orc:2    | Killed Saint Roka
 14913 | Orc:2    | Found a roughly hewn altar of Beogh.
 15128 | Orc:2    | Found a staircase to the Elven Halls.
 15172 | Orc:2    | Noticed Donald
 15186 | Orc:1    | Found Muaduth's Magic Scroll Emporium.
 15197 | Orc:1    | Received a gift from Okawaru
 15202 | Orc:1    | Killed Donald
 15303 | Orc:1    | Found a roughly hewn altar of Beogh.
 15364 | Orc:1    | Found a bloodstained altar of Trog.
 15798 | Orc:2    | Found Fiemmea's General Store.
 15819 | Orc:2    | Found Waisogit's Antique Armour Boutique.
 15899 | Orc:2    | Found Qijerar's Jewellery Boutique.
 15921 | Orc:2    | Found Ufeg's Antique Weapon Boutique.
 15943 | Orc:2    | Bought a +4 ring of evasion for 576 gold pieces
 15943 | Orc:2    | Bought a +5 ring of protection for 880 gold pieces
 15980 | Orc:2    | Bought a scroll of enchant weapon for 120 gold pieces
 16154 | Orc:2    | Learned a level 1 spell: Apportation
 16330 | D:12     | Found Nazxoal's Food Emporium.
 16350 | D:12     | Noticed Erolcha
 16353 | D:12     | You fall through a shaft for 2 floors!
 16385 | D:14     | Received a gift from Okawaru
 16385 | D:14     | Reached skill level 1 in Translocations
 16388 | D:14     | Identified the +2 scale mail of Zehinong {Int+4} (Okawaru gifted it to you on level 14 of the Dungeon)
 16464 | D:14     | Noticed Kirke
 16515 | D:14     | Killed Kirke
 16600 | D:14     | Noticed Nessos
 16613 | D:14     | Killed Nessos
 16665 | D:14     | Found a blossoming altar of Fedhas.
 16744 | D:14     | Reached skill level 5 in Translocations
 16780 | D:14     | Found a shimmering altar of Xom.
 16961 | D:12     | Reached XP level 15. HP: 132/132 MP: 19/23
 16973 | D:12     | Killed Erolcha
 17576 | Lair:1   | Entered Level 1 of the Lair of Beasts
 17583 | Lair:1   | Learned a level 3 spell: Lesser Beckoning
 17585 | Lair:1   | Learned a level 1 spell: Summon Butterflies
 17649 | Lair:1   | You fall through a shaft!
 17712 | Lair:2   | Reached skill level 1 in Summonings
 18528 | Lair:2   | Found a hole to the Spider Nest.
 18675 | Lair:2   | Received a gift from Okawaru
 18928 | Lair:2   | Found a staircase to the Swamp.
 19081 | Lair:2   | Got a slimy demon whip
 19582 | Lair:3   | Received a gift from Okawaru
 19582 | Lair:3   | Reached skill level 5 in Summonings
 20084 | Lair:3   | Received a gift from Okawaru
 20228 | Lair:4   | Identified the +4 demon whip of the Valley {freeze, rC+ Int+4} (You found it on level 2 of the Lair of Beasts)
 20914 | Lair:1   | Upgraded the game from 0.21-a0-193-g085b6a0 to 0.21-a0-196-g6a663c0
 21129 | D:15     | Entered Level 15 of the Dungeon
 21199 | D:15     | Noticed Sonja
 21201 | D:15     | Noticed Rupert
 21229 | D:15     | Killed Sonja
 21231 | D:15     | Killed Rupert
 21318 | D:15     | Received a gift from Okawaru
 21336 | D:15     | Reached skill level 14 in Staves
 21349 | D:15     | Reached XP level 16. HP: 139/139 MP: 24/24
 21417 | D:15     | Noticed Urug
 21441 | D:15     | Killed Urug
 21941 | D:15     | Found a staircase to the Depths.
 22350 | Spider:1 | Entered Level 1 of the Spider Nest
 22502 | Spider:1 | You fall through a shaft!
 22549 | Spider:1 | HP: 6/139 [redback (1)]
 22549 | Spider:1 | Annihilated by a wolf spider

Vault maps used:
D:1:      denvon_arrival_planthouse
D:2:      minmay_roachtagon, nicolae_overflow_hidden_temple,
          minmay_misc_feat_enclosed, st_stairs_6
D:3:      first_bread, uniq_natasha
D:4:      nicolae_ru_great_annihilating_truth, kennysheep_slug_shrine,
          minmay_temple_entry_hall, serial_glass, glass_columns_a,
          glass_columns_a
D:5:      nicolae_tso_carved_into_rock, lemuel_crystal_altar, serial_shops,
          shop, columned_hall_lemuel, uniq_sigmund
D:6:      uniq_blork_the_orc
D:7:      kennysheep_little_box, grunt_ogre_cave, uniq_pikel
D:8:      argonaut_augean_stables, serial_shops, shop_coins, basic_altar,
          uniq_prince_ribbit1, uniq_joseph
D:9:      erik_lair_orcish_takeover, uniq_erica
D:10:     nicolae_water_bricks, uniq_grum
D:11:     nicolae_elemental_shop, uniq_fannar
D:12:     orc_0_dummy, serial_shops, shop, lab_entry_generic, uniq_azrael,
          uniq_erolcha
D:13:     grunt_vaults_entry_tiered, minmay_strange_pillars
D:14:     grunt_decor_one_mirror, basic_altar, hangedman_tree_tricks,
          uniq_nessos, uniq_kirke
D:15:     gammafunk_enter_depths_forms, amethyst_killhole, uniq_urug,
          uniq_rupert, uniq_sonja
Temple:   nicolae_temple_elliptical
Lair:1:   lemuel_fruit_fields
Lair:2:   nicolae_swamp_entry_splash_gauntlet, spider_nest_entry_a, ice2_lemuel
Lair:4:   lookout_lair_type
Spider:2: nicolae_spider_hall_of_the_moth_king, nicolae_orb_island
Orc:1:    basic_altar, serial_shops, shop_fountains, trog_butcher_becter
Orc:2:    grunt_orc_cross, uniq_donald
Lab:      labyrinth_hidden_loot, nicolae_lab_lava, labyrinth_lava_lair,
          labyrinth_skeletal_remains, nicolae_lab_swirl, lab_statue

Skill      XL: |  1  2  3  4  5  6  7  8  9 10 11 12 13 14 15 16 |
---------------+-------------------------------------------------+-----
Shields        | 4 5 6 8 9 |  9.6
Staves         | 3 4 5 6 7 9 10 12 13 14 | 14.3
Fighting       | 4 6 7 8 10 11 | 11.9
Invocations    | 3 4 6 7 9 10 11 12 | 12.0
Armour         | 4 6 7 8 9 |  9.1
Dodging        | 4 7 8 |  8.3
Throwing       | 2 7 |  7.4
Translocations | 5 8 |  8.3
Summonings     | 5 |  5.4

Action                   |  1- 3 |  4- 6 |  7- 9 | 10-12 | 13-15 | 16-18 || total
-------------------------+-------+-------+-------+-------+-------+-------++-------
Melee: Quarterstaff      |   128 |   117 |   408 |   261 |   602 |       ||  1516
       Kick              |       |       |       |   185 |       |       ||   185
       Lajatang          |       |       |       |   360 |   871 |   217 ||  1448
       Unarmed           |       |       |       |       |     3 |       ||     3
Throw: Javelin           |       |       |       |       |    10 |     2 ||    12
 Cast: Apportation       |       |       |       |       |    10 |       ||    10
Invok: Heroism           |       |       |       |     7 |    10 |     1 ||    18
       Finesse           |       |       |       |     1 |     3 |       ||     4
 Abil: Dig               |     3 |     2 |     6 |     9 |    17 |     2 ||    39
       Shaft Self        |       |       |     1 |     2 |     2 |     1 ||     6
Evoke: Wand              |       |       |       |     6 |     1 |       ||     7
  Use: Scroll            |     6 |     3 |     2 |    15 |    10 |     3 ||    39
       Potion            |       |     1 |     6 |     6 |     5 |     3 ||    21
 Stab: Invisible         |       |       |     3 |       |       |       ||     3
       Paralysed         |       |       |     1 |       |       |       ||     1
       Petrified         |       |       |       |       |     8 |       ||     8
       Petrifying        |       |       |       |       |     2 |       ||     2
  Eat: Chunk             |     1 |     4 |    10 |    18 |     9 |     2 ||    44
       Royal jelly       |       |     1 |       |     2 |     5 |     1 ||     9
       Fruit             |       |       |       |     3 |    13 |     3 ||    19
       Bread ration      |       |       |       |       |     4 |       ||     4
       Meat ration       |       |       |       |       |     1 |       ||     1
Armor: Scale mail        |    14 |       |       |       |       |       ||    14
       Chain mail        |    37 |    58 |   176 |   192 |       |       ||   463
       Ring mail         |       |       |       |       |   235 |    80 ||   315
Dodge: Dodged            |    33 |    24 |    83 |   131 |   635 |   219 ||  1125
Block: Shield            |    42 |    56 |   235 |   307 |   787 |   203 ||  1630
       Reflection        |       |       |     4 |    23 |    38 |       ||    65
